 Dungeon Crawl Stone Soup version 0.30-a0-190-g22c9a3c0ff (webtiles) character file.

Game seed: 8314391597557357941

5364 dirbulshil the Fighter (level 10, -25/72 HPs)
             Began as an Octopode Chaos Knight on Oct 4, 2022.
             Was a Believer of Uskayaw.
             Annihilated by a white ugly thing (27 damage)
             ... on level 8 of the Dungeon.
             The game lasted 00:10:55 (7180 turns).

dirbulshil the Fighter (Octopode Chaos Knight)      Turns: 7180, Time: 00:10:55

Health: -25/72     AC:  3    Str: 12    XL:     10   Next: 65%
Magic:  0/14       EV: 16    Int: 15    God:    Uskayaw [**....]
Gold:   460        SH: 11    Dex: 21    Spells: 9/9 levels left

rFire   . . .      SeeInvis .    l - +0 quick blade (venom)
rCold   . . .      Faith    .    y - +0 kite shield
rNeg    . . .      Spirit   +    c - +2 hat {Will+}
rPois   .          Reflect  .    k - amulet of guardian spirit
rElec   .          Harm     .    (no ring)
rCorr   .          Rampage  .    t - ring of flight
Will    ++...                    z - ring of willpower
Stlth   ++++......               I - +6 ring of dexterity
HPRegen 0.32/turn                (no ring)
MPRegen 0.14/turn                (no ring)
                                 (no ring)
                                 (no ring)

@: flying
A: almost no armour, amphibious, 8 rings, camouflage 1, gelatinous body 1,
(nimble swimmer 1), tentacles
a: Renounce Religion, Stomp, Line Pass


You were on level 8 of the Dungeon.
You worshipped Uskayaw.
Uskayaw was noncommittal.
You visited 2 branches of the dungeon, and saw 9 of its levels.
You also visited: Sewer.

You collected 502 gold pieces.
You spent 42 gold pieces at shops.

Inventory:

Hand Weapons
 a - a +0 spear of chaos
 j - a +1 short sword of speed
 l - a +0 quick blade of venom (weapon)
Missiles
 o - 30 poisoned darts (quivered)
Armour
 c - a +2 hat of willpower (worn)
 y - a +0 kite shield (worn)
Jewellery
 e - a ring of fire
 i - an amulet of magic regeneration
 k - an amulet of guardian spirit (around mantle)
 t - a ring of flight (right tentacle)
 z - a ring of willpower (on tentacle)
 I - a +6 ring of dexterity (on tentacle)
Wands
 h - a wand of iceblast (8) {@v2}
 p - a wand of charming (9)
Scrolls
 d - 3 scrolls of poison {unknown}
 r - a scroll of noise
 u - a scroll of teleportation {@r3}
 v - 2 scrolls of butterflies
 B - a scroll of blinking {unknown}
 C - 2 scrolls of vulnerability {unknown}
 D - 2 scrolls of fear {unknown}
 G - a scroll of enchant armour {unknown}
 J - a scroll of summoning {unknown}
Potions
 f - 6 potions of curing {@q1}
 g - 4 potions of heal wounds {@q2}
 m - 2 potions of cancellation {unknown}
 n - 3 potions of invisibility {unknown}
 q - 2 potions of mutation {unknown}
 s - 4 potions of haste {unknown}
 x - 3 potions of flight
 A - 5 potions of magic {unknown}
 E - a potion of brilliance {unknown}
 F - a potion of lignification {unknown}
 H - a potion of attraction {unknown}
Miscellaneous
 b - a piece from Xom's chessboard (15/15)


   Skills:
 - Level 8.1 Fighting
 - Level 8.0 Short Blades
 - Level 3.0 Polearms
 + Level 7.2 Dodging
 - Level 2.9 Stealth
 + Level 5.0 Shields
 + Level 6.3 Invocations
 - Level 2.6 Evocations


You had 9 spell levels left.
You didn't know any spells.
Your spell library contained the following spells:

 Spells                   Type           Power      Damage    Failure   Level
 Ensorcelled Hibernation  Hex/Ice        0%         N/A       75%         2
 Static Discharge         Conj/Air       0%         2-2/arc   75%         2
 Spider Form              Tmut/Pois      0%         N/A       92%         3
 Vhi's Electric Charge    Tloc/Air       0%         N/A       92%         3
 Anguish                  Hex/Necr       0%         N/A       100%        4
 Arcjolt                  Conj/Air       0%         1d10      100%        5
 Lightning Bolt           Conj/Air       0%         1d11      100%        5
 Borgnjor's Revivificati  Necr           0%         N/A       100%        8
 Maxwell's Capacitive Co  Air            0%         ∞         100%        8
 Necromutation            Tmut/Necr      0%         N/A       100%        8
 Death's Door             Necr           0%         N/A       100%        9


Dungeon Overview and Level Annotations

Branches:
Dungeon (8/15)             Temple (1/1) D:5           Sewer (visited)
   Lair: D:8-11

Altars:
Ashenzari
Cheibriados
Dithmenos
Elyvilon
Fedhas
Gozag
Hepliaklqana
Kikubaaqudgha
Makhleb
Nemelex Xobeh
Okawaru
Qazlal
Ru
Sif Muna
Trog
Uskayaw
Vehumet
Wu Jian
Xom
Zin
The Shining One

Shops:
D:2 *   D:4 *


Innate Abilities, Weirdness & Mutations

You cannot wear most types of armour.
You are amphibious.
You can wear up to eight rings at the same time.
Your skin changes colour to match your surroundings (Stealth+).
Your rubbery body absorbs attacks. (AC +1, EV +1)
((You are camouflaged when in or above water. (Stealth+)))
You have tentacles for arms and can constrict up to eight enemies at once.


Message History

You are too injured to fight recklessly!
You are too injured to fight recklessly!
You are too injured to fight recklessly!
You hit the white ugly thing but do no damage.
The white ugly thing looks as sick as possible!
You constrict the white ugly thing.
You hit the white ugly thing but do no damage.
The white ugly thing looks as sick as possible!
You squeeze the white ugly thing.
You constrict the white ugly thing, but do no damage.
You hit the white ugly thing but do no damage.
The white ugly thing looks as sick as possible!
You squeeze the white ugly thing. You constrict the white ugly thing.
You hit the white ugly thing.
The white ugly thing looks as sick as possible!
You constrict the white ugly thing.
The white ugly thing tentacle-slaps you!
The white ugly thing freezes you!!
* * * LOW HITPOINT WARNING * * *
You can now pass through a line of other dancers.
You don't have enough magic at the moment.
Okay, then.
Okay, then.
Okay, then.
Aiming: Charm
Aim: a white ugly thing (heavily wounded, constricted by you, extremely poisoned, slow, chance to affect: 37%)
Okay, then.
You don't have enough magic at the moment.
Aiming: Charm
Aim: a white ugly thing (heavily wounded, constricted by you, extremely poisoned, slow, chance to affect: 37%)
The white ugly thing resists with some effort.
You constrict the white ugly thing.
Aiming: Charm
Aim: a white ugly thing (heavily wounded, constricted by you, extremely poisoned, slow, chance to affect: 37%)
The white ugly thing resists with some effort.
You constrict the white ugly thing.
The white ugly thing tentacle-slaps you.
* * * LOW HITPOINT WARNING * * *
The white ugly thing freezes you!!
You die...

#/# .####.####...........#
#
#.###.....8.....#..########
# #.##..####.####....# ##
#.#..###.#.#.###...# ##.
..#.###(##.##.###..# #.#
#......###.###(....# ##.
##...†.##...##.(.#.# ##
###.#..#..#..#..u#.# # #
#......###...#@#.# ...
.######### ##......# ...##
## #####........ ..
########. .


You could see a white ugly thing (extremely poisoned, slow).

Vanquished Creatures
  A two-headed ogre (D:8)
  Pikel (D:5)
  A manticore (D:8)
  A slime creature (D:8)
  Grinder (D:6)
  Edmund (D:5)
  2 water moccasins
  2 black bears (D:6)
  2 ice beasts (D:6)
  5 orc warriors
  2 ogres
  3 centaurs
  2 lemures (D:5)
  5 kobold brigands
  5 bullfrogs
  4 necrophages
  3 scorpions
  2 hounds (D:4)
  3 orc priests
  A gnoll bouda (D:8)
  Crazy Yiuf (D:5)
  3 iguanas
  8 orc wizards
  9 gnolls
  6 adders
  8 river rats (Sewer)
  2 shadow imps
  3 white imps
  3 ufetubi
  2 worms
  49 orcs
  14 ball pythons
  6 endoplasms
  6 giant cockroaches
  4 goblins
  10 hobgoblins
  2 jackals (D:3)
  25 kobolds
  10 quokkas
  3 bats (D:1)
  3 frilled lizards
  27 rats
  A butterfly (D:5)
252 creatures vanquished.

Notes
Turn   | Place    | Note
-------+----------+-------------------------------------------
     0 | D:1      | dirbulshil the Octopode Chaos Knight began the quest for
                  | the Orb.
     0 | D:1      | Reached XP level 1. HP: 16/16 MP: 1/1
    82 | D:1      | Reached XP level 2. HP: 10/21 MP: 2/2
   417 | D:1      | Reached XP level 3. HP: 27/27 MP: 3/3
   439 | D:1      | Found a faded altar of an unknown god.
   641 | D:2      | Found Irhig's Assorted Antiques.
   797 | D:2      | Reached skill level 1 in Short Blades
   800 | D:2      | XOM: divination: detect items
   900 | D:2      | Identified the +0 robe of Vexation {Str+2}
  1129 | D:2      | XOM: potion effect (berserk rage)
  1254 | D:3      | Reached XP level 4. HP: 17/33 MP: 4/4
  1457 | D:3      | Found a radiant altar of Vehumet.
  1496 | D:3      | XOM: noise
  1501 | D:3      | XOM: noise
  1571 | D:3      | XOM: cloud trail
  1620 | D:3      | Found a sparkling altar of Nemelex Xobeh.
  1629 | D:3      | XOM is BORED!
  1659 | D:3      | XOM: divination: detect creatures
  1795 | D:4      | Noticed a bullfrog
  1806 | D:4      | Killed a bullfrog
  1807 | D:4      | Reached XP level 5. HP: 28/37 MP: 2/5
  1878 | D:4      | XOM: potion effect (haste)
  1879 | D:5      | Entered Level 5 of the Dungeon
  1899 | D:5      | Reached XP level 6. HP: 36/44 MP: 6/6
  1964 | D:4      | Found a sacrificial altar of Ru.
  1964 | D:4      | Found a glowing golden altar of the Shining One.
  1964 | D:4      | Found an ornate altar of the Wu Jian Council.
  1964 | D:4      | Found a stormy altar of Qazlal.
  1967 | D:4      | Found a broken altar of Ashenzari.
  1978 | D:5      | Noticed Pikel
  1989 | D:5      | Noticed a water moccasin
  2088 | D:5      | Found a staircase to the Ecumenical Temple.
  2102 | Temple   | Entered the Ecumenical Temple
  2169 | Temple   | Fell from the grace of Xom
  2169 | Temple   | Became a worshipper of Uskayaw the Reveller
  2250 | D:5      | Reached * piety under Uskayaw
  2254 | D:5      | Reached ** piety under Uskayaw
  2470 | D:5      | Killed Pikel
  2471 | D:5      | Reached skill level 5 in Fighting
  2471 | D:5      | Reached skill level 5 in Short Blades
  2471 | D:5      | Reached XP level 7. HP: 38/50 MP: 4/7
  2472 | D:5      | Reached *** piety under Uskayaw
  2476 | D:5      | Reached **** piety under Uskayaw
  2601 | D:4      | Reached XP level 8. HP: 55/56 MP: 6/8
  2770 | D:4      | Found Yprer's General Store.
  2777 | D:4      | Bought a scroll of teleportation for 42 gold pieces
  2863 | D:4      | Reached skill level 1 in Invocations
  2863 | D:4      | Reached skill level 1 in Evocations
  2872 | D:4      | XOM: summons 1 hostile shadow creature
  2953 | D:4      | Found a bloodstained altar of Trog.
  2996 | D:4      | Found a shimmering blue altar of Sif Muna.
  3048 | D:4      | XOM: summons 4 hostile demons
  3065 | D:4      | Reached ***** piety under Uskayaw
  3500 | D:5      | Found a white marble altar of Elyvilon.
  3511 | D:5      | Noticed Edmund
  3530 | D:5      | Killed Edmund
  3531 | D:5      | Reached skill level 1 in Stealth
  4018 | D:5      | Found a runed translucent door.
  4019 | D:5      | Noticed Crazy Yiuf
  4026 | D:5      | Killed Crazy Yiuf
  4216 | D:6      | Found a glowing drain.
  4233 | Sewer    | Entered a sewer
  4309 | Sewer    | Reached XP level 9. HP: 59/63 MP: 9/11
  4315 | Sewer    | Reached skill level 5 in Dodging
  4412 | Sewer    | Reached skill level 1 in Shields
  4484 | Sewer    | XOM: summons 1 hostile demon
  4853 | D:6      | Noticed Grinder
  5037 | D:6      | Killed Grinder
  5616 | D:6      | Identified the +0 robe "Ciebod" {Int+2 SInv}
  5976 | D:7      | Found a runed translucent door.
  6143 | D:7      | Found a blossoming altar of Fedhas.
  6145 | D:7      | Found an ancient bone altar of Kikubaaqudgha.
  6313 | D:7      | Reached XP level 10. HP: 54/72 MP: 9/13
  6447 | D:7      | XOM: cloud trail
  6546 | D:7      | XOM: summons 1 hostile shadow creature
  6651 | D:8      | Reached skill level 5 in Invocations
  6703 | D:8      | Noticed a two-headed ogre
  6703 | D:8      | Noticed a manticore
  6712 | D:8      | Killed a manticore
  6734 | D:8      | Noticed a two-headed ogre
  6734 | D:8      | XOM: 1-stop teleportation journey
  6882 | D:8      | Killed a two-headed ogre
  7154 | D:8      | Reached skill level 5 in Shields
  7155 | D:8      | Noticed a white ugly thing
  7178 | D:8      | HP: 2/72 [white ugly thing (26)]
  7180 | D:8      | Annihilated by a white ugly thing

Illustrated notes

Levels and vault maps discovered:
D:1:      mrwooster_arrival_statue_3, layout_rooms,
          hellmonk_ecumenical_altar_crossroads
D:2:      layout_loops_cross, serial_shops, shop_statue
D:3:      layout_rooms, grunt_temple_overflow_open
D:4:      layout_loops_ring, kennysheep_orc_sif_temple,
          nicolae_overflow_hidden_temple, kennysheep_mini_moat, serial_shops,
          shop_statue
D:5:      layout_loops_ring, elyvilon_altar_5, minmay_temple_entry_butterflies,
          uniq_pikel, uniq_edmund, uniq_crazy_yiuf_cottage
D:6:      layout_basic, portal_sewer_entry_a, uniq_grinder
D:7:      layout_rooms, grunt_temple_overflow_growth_and_decay,
          lightli_church_of_beogh
D:8:      layout_loops_ring, kb_rosetta
Temple:   chequers_temple_sunken

Skill      XL: |  1  2  3  4  5  6  7  8  9 10 |
---------------+-------------------------------+-----
Short Blades   | 1 2 3 5 7 8 |  8.0
Dodging        | 3 4 5 7 |  7.2
Fighting       | 4 5 6 7 8 |  8.1
Invocations    | 2 4 6 |  6.3
Evocations     | 2 |  2.6
Stealth        | 2 |  2.9
Shields        | 3 5 |  5.0
Polearms       | |  3.0

Action                   |  1- 3 |  4- 6 |  7- 9 | 10-12 || total
-------------------------+-------+-------+-------+-------++-------
Melee: Spear             |    48 |       |       |       ||    48
       Constrict         |    21 |    23 |    87 |    26 ||   157
       Tentacles         |    15 |    28 |   139 |    49 ||   231
       Punch             |     2 |     2 |    10 |     5 ||    19
       Quick blade       |    55 |   111 |   459 |   141 ||   766
Throw: Dart              |       |     7 |     8 |     7 ||    22
Invok: Stomp             |       |       |     2 |     1 ||     3
       Line Pass         |       |       |       |     1 ||     1
Evoke: Wand              |       |       |       |     2 ||     2
  Use: Scroll            |       |     5 |     2 |     2 ||     9
       Potion            |       |     1 |       |       ||     1
 Stab: Sleeping          |     7 |     4 |    17 |     1 ||    29
       Paralysed         |       |       |    24 |     9 ||    33
       Distracted        |       |       |       |     1 ||     1
       Confused          |       |       |       |     1 ||     1
Armor: Skin              |    12 |    12 |    32 |     3 ||    59
Dodge: Dodged            |    58 |    52 |   156 |    49 ||   315
Block: Kite shield       |       |       |    91 |    38 ||   129

Table legend: (Time is in decaauts)
 A = Elapsed time spent in this place.
 B = Non-inter-level travel time spent in this place.
 C = Inter-level travel time spent in this place.
 D = Time resting spent in this place.
 E = Time spent auto-exploring this place.
 F = Levels seen in this place.
 G = Mean time per level.
                   A        B        C        D        E       F      G
               +--------+--------+--------+--------+--------+-----+--------+
         Total |   6781 |   6574 |    207 |   1069 |   4067 |  10 |  678.1 |
       Dungeon |   6148 |   5958 |    190 |    950 |   3787 |   8 |  768.5 |
        Temple |     85 |     68 |     17 |     47 |      0 |   1 |   85.0 |
         Sewer |    547 |    547 |      0 |     72 |    280 |   1 |  547.0 |
               +--------+--------+--------+--------+--------+-----+--------+

Top non-repeatable levels by time:
     D:5: 1232 daAuts
     D:4: 983 daAuts
     D:7: 843 daAuts
     D:6: 830 daAuts
     D:2: 680 daAuts
     D:1: 609 daAuts
   Sewer: 547 daAuts
     D:8: 518 daAuts
     D:3: 450 daAuts
  Temple: 85 daAuts
